 Dungeon Crawl Stone Soup version 0.32-a0-738-g1a05c61809 (webtiles) character file.

Game seed: 2343056233008009996

30 Descartes the Vexing (level 3, 0/20 HPs)
             Began as a Felid Wanderer on Mar 17, 2024.
             Succumbed to an adder's poison
             ... on level 2 of the Dungeon.
             The game lasted 00:01:41 (997 turns).

Descartes the Vexing (Felid Wanderer)                Turns: 997, Time: 00:01:42

Health: 0/20       AC:  1    Str: 10    XL:     3   Next: 3%
Magic:  7/7        EV: 16    Int: 17    God:
Gold:   14         SH:  0    Dex: 13    Spells: 5/6 levels left
                                        Lives:  0   Deaths: 1

rFire   . .          .
                       - Unarmed
rCold   . . .        (shield unavailable)
rNeg    . . .        (body armour unavailable)
rPois   .            (helmet unavailable)
rElec   .            (cloak unavailable)
rCorr   .            (gloves unavailable)
SInv    +            (boots unavailable)
Will    .....        (no amulet)
Stlth   +            (no ring)
HPRegen 0.23/turn    (no ring)
MPRegen 0.10/turn

%: no passive effects
@: lethally poisoned (0 -> -2)
A: very small, claws 1, fangs 3, see invisible, shaggy fur 1, stealthy paws, no
weapons or thrown items, no armour, multi-lived
a: no special abilities


You were on level 2 of the Dungeon.
You visited 1 branch of the dungeon, and saw 2 of its levels.

You collected 14 gold pieces.

Inventory:

Scrolls
 a - a scroll of fog
 c - 3 scrolls of identify {unknown}
 d - a scroll of fear {unknown}
 e - a scroll of immolation {unknown}
 f - 2 scrolls of teleportation {unknown}
 h - a scroll of revelation {unknown}
Potions
 b - a potion of might
 g - a potion of heal wounds {unknown}


   Skills:
 - Level 3.0 Fighting
 + Level 2.4 Dodging
 + Level 1.8 Unarmed Combat
 - Level 2.0 Spellcasting
 - Level 4.4 Hexes
 - Level 1.7 Alchemy


You had 5 spell levels left.
You knew the following spells:

 Your Spells              Type           Power      Damage    Failure   Level
a - Slow                  Hex            64%        N/A       3%          1

Your spell library contained the following spells:

 Spells                   Type           Power      Damage    Failure   Level
 Tukima's Dance           Hex            16%        N/A       10%         3
 Mercury Vapours          Alch/Air       8%         N/A       21%         2
 Cigotuvi's Dreadful Rot  Necr/Alch/Air  6%         N/A       22%         2
 Anguish                  Hex/Necr       4%         N/A       61%         4


Dungeon Overview and Level Annotations

Branches:
Dungeon (2/15)

Altars:


Innate Abilities, Weirdness & Mutations

You have sharp claws.
You have razor-sharp teeth.
You have supernaturally acute eyesight. (SInv)
You are covered in fur. (AC +1)
Your paws help you pounce on unaware monsters.
You are incapable of wielding weapons or throwing items.
You cannot wear armour.
You gain extra lives every three experience levels.


Message History

The adder is heavily wounded.
You feel sick. The adder completely misses you.
You scratch the adder.
The adder is heavily wounded.
You feel sick. The adder closely misses you.
You barely miss the adder.
The adder is heavily wounded.
You feel sick. The adder bites you. x2
You are lethally poisoned!
The adder poisons you!
You are too injured to fight recklessly!
You are too injured to fight recklessly!
You are too injured to fight recklessly!
You are too injured to fight recklessly!
You are too injured to fight recklessly!
You are too injured to fight recklessly!
You are too injured to fight recklessly!
You are too injured to fight recklessly!
You are too injured to fight recklessly!
You are too injured to fight recklessly!
You scratch the adder.
The adder is almost dead.
You feel sick. The adder misses you.
You scratch the adder.
You kill the adder!
* * * LOW HITPOINT WARNING * * *
You feel sick.
You have reached level 3!
Your experience leads to an increase in your attributes!
Increase (S)trength, (I)ntelligence, or (D)exterity?
You feel stronger. x2
* * * LOW HITPOINT WARNING * * *
You feel sick.
* * * LOW HITPOINT WARNING * * *
You feel sick.
* * * LOW HITPOINT WARNING * * *
You feel sick.
* * * LOW HITPOINT WARNING * * *
You feel sick.
You die...

# #.######
.###......#
........J.#
##.######.# #.# #.#
#.######.####### #
#.#.....@.......
#.##.#.####..######
#............#
####.#.####.##
#.#.# ... #.#.# ###
#.#.# #.#.# #.#.#


You could see an endoplasm.

Vanquished Creatures
  An adder (D:2)
  2 ball pythons (D:1)
  A bat (D:1)
  2 endoplasms (D:1)
  A giant cockroach (D:1)
  2 goblins (D:1)
  4 hobgoblins (D:1)
  3 kobolds (D:1)
  3 rats (D:1)
19 creatures vanquished.

Notes
Turn   | Place    | Note
-------+----------+-------------------------------------------
     0 | D:1      | Descartes the Felid Wanderer began the quest for the Orb.
     0 | D:1      | Descartes set off with the following items: a scroll of
                  | fog, a potion of might; and the following spell memorised:
                  | Slow; and the following spells available to memorise:
                  | Tukima's Dance, Mercury Vapours, Cigotuvi's Dreadful Rot,
                  | Anguish.
     0 | D:1      | Reached XP level 1. HP: 12/12 MP: 4/4
   116 | D:1      | Reached skill level 1 in Dodging
   217 | D:1      | Reached skill level 1 in Unarmed Combat
   223 | D:1      | Reached XP level 2. HP: 3/16 MP: 6/6
   970 | D:2      | Slain by an adder
   970 | D:2      | Lost a life (0 lives remaining)
   993 | D:2      | Reached XP level 3. HP: 5/20 MP: 7/7
   995 | D:2      | HP: 1/20 [poisoned by an adder]
   997 | D:2      | Succumbed to an adder's poison

Illustrated notes

Levels and vault maps discovered:
D:1:      dpeg_arrival_lava_temple_mockup, layout_rooms, serial_forest,
          infiniplex_forest_end_2, infiniplex_forest_clump_double,
          infiniplex_forest_lined_3, infiniplex_forest_zigzag_1,
          infiniplex_forest_straight_2, infiniplex_forest_end_3,
          infiniplex_forest_clump_diagonal, infiniplex_forest_lined_3,
          infiniplex_forest_straight_5, infiniplex_forest_lined_corner
D:2:      layout_loops_ring

Skill      XL: |  1  2 |
---------------+-------+-----
Dodging        | 1 2 |  2.4
Unarmed Combat | 1 |  1.8
Fighting       | |  3.0
Spellcasting   | |  2.0
Hexes          | |  4.4
Alchemy        | |  1.7

Action                     || total
---------------------------++-------
  Melee: Unarmed           ||    87
         Bite              ||     7
         Punch             ||     2
   Stab: Sleeping          ||     1
 Armour: Skin              ||    41
  Dodge: Dodged            ||    71

Table legend: (Time is in decaauts)
 A = Elapsed time spent in this place.
 B = Non-inter-level travel time spent in this place.
 C = Inter-level travel time spent in this place.
 D = Time resting spent in this place.
 E = Time spent auto-exploring this place.
 F = Levels seen in this place.
 G = Mean time per level.
                   A        B        C        D        E       F      G
               +--------+--------+--------+--------+--------+-----+--------+
         Total |    995 |    976 |     19 |      0 |    811 |   2 |  497.5 |
       Dungeon |    995 |    976 |     19 |      0 |    811 |   2 |  497.5 |
               +--------+--------+--------+--------+--------+-----+--------+

Top non-repeatable levels by time:
     D:1: 959 daAuts
     D:2: 35 daAuts
